 Dungeon Crawl Stone Soup version 0.30-a0-253-g6b895097cc (webtiles) character file.

Game seed: 2218480934569558935

262 BlueGoblin the Magician (level 5, -6/36 HPs)
             Began as a Mummy Necromancer on Oct 13, 2022.
             Mangled by an ogre
             ... wielding a +0 giant club
              (33 damage)
             ... on level 4 of the Dungeon.
             The game lasted 00:04:56 (2892 turns).

BlueGoblin the Magician (Mummy Necromancer)         Turns: 2892, Time: 00:04:57

Health: -6/36      AC: 10    Str: 11    XL:     5   Next: 97%
Magic:  10/13      EV: 11    Int: 16    God:
Gold:   112        SH:  3    Dex: 13    Spells: 11/15 levels left

rFire   x . .      SeeInvis .    l - +9 spear "Geofegon" {protect, Drain rN++}
rCold   + . .      Faith    +    c - +0 buckler
rNeg    + + +      Spirit   .    a - +0 robe
rPois   ∞          Reflect  .    (no helmet)
rElec   .          Harm     .    f - +0 cloak
rCorr   .          Rampage  .    (no gloves)
Will    .....                    (no boots)
Stlth   ++........               (no amulet)
HPRegen 0.26/turn                (no ring)
MPRegen 0.13/turn                (no ring)

@: under a protective aura
A: cold resistance 1, negative energy resistance 3, torment resistance 2, heat
vulnerability 1, in touch with death 1, no potions, faith
a: no special abilities


You were on level 4 of the Dungeon.
You visited 1 branch of the dungeon, and saw 4 of its levels.

You collected 112 gold pieces.

Inventory:

Hand Weapons
 b - a +0 spear of draining
 h - a +3 dagger of draining
 l - the +9 spear "Geofegon" (weapon) {protect, Drain rN++}
   (You found it on level 3 of the Dungeon)

   It grants its wielder temporary protection when it strikes (+7 to AC).
   rN:        It greatly protects you from negative energy.
   Drain:     It drains your maximum health when unequipped.
Armour
 a - a +0 robe (worn)
 c - a +0 buckler (worn)
 f - a +0 cloak (worn)
Scrolls
 d - a scroll of fog
 g - a scroll of brand weapon
 j - a scroll of fear


   Skills:
 + Level 0.3 Fighting
 + Level 1.6 Dodging
 - Level 1.5 Stealth
 + Level 0.3 Shields
 + Level 5.7 Spellcasting
 + Level 5.6 Necromancy


You had 11 spell levels left.
You knew the following spells:

 Your Spells              Type           Power      Damage    Failure   Level
a - Vampiric Draining     Necr           34%        2d8       5%          3
q - Necrotise             Necr           100%       1d9       1%          1

Your spell library contained the following spells:

 Spells                   Type           Power      Damage    Failure   Level
 Sandblast                Erth           8%         2d5       19%         1
 Animate Dead             Necr           34%        N/A       19%         4
 Passwall                 Tmut/Erth      3%         N/A       28%         2
 Agony                    Necr           34%        N/A       45%         5
 Stone Arrow              Conj/Erth      8%         3d7       50%         3


Dungeon Overview and Level Annotations

Branches:
Dungeon (4/15)
 Temple: D:4-7

Altars:
Cheibriados

Annotations:
D:3 2 transporters


Innate Abilities, Weirdness & Mutations

You are immune to poison.
Your flesh is cold resistant. (rC+)
You are immune to negative energy. (rN+++)
You are immune to unholy pain and torment.
You are vulnerable to heat. (rF-)
You are in touch with the powers of death.
You do not drink.
You have a special connection with the divine. (Faith)


Message History

Level annotation: 2 transporters
There is a stone staircase leading down here.
You closely miss the shadow imp. The shadow imp hits you.
You hit the shadow imp.
Your weapon exudes an aura of protection.
The shadow imp is moderately wounded.
The shadow imp barely misses you. The shadow imp closely misses you.
You hit the shadow imp.
The shadow imp is severely wounded.
The shadow imp hits you but does no damage.
You puncture the shadow imp!
You kill the shadow imp!
No target in view!
No target in view!
There is a stone staircase leading down here.
You climb downwards.
Found a leather armour, 5 large rocks and 9 gold pieces.
Found a stone staircase leading down.
There is a stone staircase leading up here.
You feel a surge of power!
The scorpion barely resists.
You reach to attack!
You puncture the scorpion!
Your weapon exudes an aura of protection.
The scorpion is moderately wounded.
You feel a surge of power!
The scorpion writhes in agony!
The scorpion barely misses you.
You puncture the scorpion!
You kill the scorpion!
An ogre comes into view. It is wielding a +0 giant club.
You feel a surge of power!
The ogre shouts!
The ogre writhes in agony.
You puncture the ogre!
The ogre is heavily wounded.
The ogre hits you with a +0 giant club!
The quokka bites you but does no damage.
You puncture the ogre!
The ogre is almost dead.
The ogre hits you with a +0 giant club!!
Ouch! That really hurt!
You die...

#. #.##
#..##
##...###
#......##
#.......#
#......#
#..<...#
#...@.##
#.>[Or#
#......#
#..#.....
...###(###.
.#.. ### #$
## .. ..


You could see an ogre and a quokka.

Vanquished Creatures
  A scorpion (D:4)
  An orc priest (D:3)
  An iguana (D:3)
  3 gnolls (D:2)
  2 adders
  A shadow imp (D:3)
  A worm (D:2)
  A dart slug (D:1)
  4 orcs (D:3)
  7 ball pythons
  5 bats
  10 endoplasms
  4 giant cockroaches
  7 goblins
  3 hobgoblins
  2 jackals (D:2)
  7 frilled lizards
  4 kobolds
  8 rats
72 creatures vanquished.

Vanquished Creatures (collateral kills)
  A gnoll (D:2)
  A dart slug (D:2)
  A bat (D:2)
  An endoplasm (D:1)
  A kobold (D:1)
5 creatures vanquished.

Grand Total: 77 creatures vanquished

Notes
Turn   | Place    | Note
-------+----------+-------------------------------------------
     0 | D:1      | BlueGoblin the Mummy Necromancer began the quest for the
                  | Orb.
     0 | D:1      | Reached XP level 1. HP: 13/13 MP: 4/4
   146 | D:1      | Reached XP level 2. HP: 7/19 MP: 0/5
   809 | D:2      | Gained mutation: You are in touch with the powers of death.
                  | [Mummy growth]
   809 | D:2      | Reached XP level 3. HP: 24/24 MP: 5/7
  1201 | D:2      | Learned a level 3 spell: Vampiric Draining
  1356 | D:2      | Reached skill level 5 in Necromancy
  1365 | D:2      | Reached XP level 4. HP: 26/30 MP: 2/9
  2132 | D:3      | Reached skill level 5 in Spellcasting
  2132 | D:3      | Reached XP level 5. HP: 29/35 MP: 7/12
  2308 | D:3      | Identified the +9 spear "Geofegon" {protect, Drain rN++}
  2399 | D:3      | Found a transporter.
  2407 | D:3      | Noticed an ice beast
  2408 | D:3      | Found a transporter.
  2408 | D:3      | Found a snail-covered altar of Cheibriados.
  2888 | D:4      | Noticed an ogre
  2892 | D:4      | Mangled by an ogre

Illustrated notes

Levels and vault maps discovered:
D:1:      nicolae_arrival_memento_mori, layout_rooms
D:2:      minmay_skewed_foursquare, layout_loops_cross, basic_altar,
          minmay_statues_item, kennysheep_generic_room_3
D:3:      layout_rooms, gammafunk_temple_overflow_arena, minmay_between
D:4:      layout_cave_pods, grunt_temple_overflow_order_and_chaos_2,
          serial_shops, nicolae_shop_behind_doors

Skill      XL: |  1  2  3  4 |
---------------+-------------+-----
Spellcasting   | 3 5 |  5.7
Necromancy     | 5 |  5.6
Fighting       | |  0.3
Dodging        | |  1.6
Stealth        | |  1.5
Shields        | |  0.3

Action                   |  1- 3 |  4- 6 || total
-------------------------+-------+-------++-------
Melee: Spear             |    31 |    62 ||    93
       Whip              |       |     2 ||     2
 Cast: Necrotise         |    54 |    34 ||    88
       Vampiric Draining |       |     1 ||     1
  Use: Scroll            |     4 |     3 ||     7
 Stab: Sleeping          |     3 |     3 ||     6
       Distracted        |       |     2 ||     2
Armor: Robe              |     1 |    11 ||    12
Dodge: Dodged            |    25 |    30 ||    55
Block: Buckler           |     3 |     8 ||    11

Table legend: (Time is in decaauts)
 A = Elapsed time spent in this place.
 B = Non-inter-level travel time spent in this place.
 C = Inter-level travel time spent in this place.
 D = Time resting spent in this place.
 E = Time spent auto-exploring this place.
 F = Levels seen in this place.
 G = Mean time per level.
                   A        B        C        D        E       F      G
               +--------+--------+--------+--------+--------+-----+--------+
         Total |   2905 |   2676 |    229 |      0 |   2195 |   4 |  726.2 |
       Dungeon |   2905 |   2676 |    229 |      0 |   2195 |   4 |  726.2 |
               +--------+--------+--------+--------+--------+-----+--------+

Top non-repeatable levels by time:
     D:2: 1285 daAuts
     D:3: 861 daAuts
     D:1: 746 daAuts
     D:4: 11 daAuts
